Map: Pride of Altaris LE

Players

Boots - Winner!

  • Race: Zerg Zerg
  • League: Diamond
  • Spawn Location: 5:00

Nerdsie

  • Race: Zerg Zerg
  • League: Diamond
  • Spawn Location: 11:00

VOD

Have the link to the VOD?

Description

Time

  • Played on: May 30, 2022, 12:56 a.m.
  • Length: 12:17
Show
View Real Time Build Order
Export as new Build Order

Boots Zerg - Winner!

Build Orders: Hatch First, Lurkers 

Get SALT Encoding   

  12  0:00  Drone  
  13  0:12  Overlord  
  13  0:17  Drone  
  14  0:31  Drone x2  
  16  0:48  Hatchery  
  15  1:02  Spawning Pool  
  14  1:05  Extractor  
  14  1:07  Drone  
  14  1:12  Drone  
  14  1:15  Drone  
  16  1:25  Drone  
  17  1:30  Overlord  
  17  1:52  Queen  
  20  1:54  Zergling x4  
  20  2:00  Zergling x2  
  22  2:02  Queen  
  24  2:12  Metabolic Boost  
  24  2:16  Drone  
  24  2:18  Drone  
  24  2:20  Drone  
  27  2:25  Drone  
  27  2:28  Drone  
  29  2:43  Queen  
  28  3:10  Drone x6  
  34  3:19  Queen  
  36  3:24  Overlord  
  36  3:26  Overlord  
  36  3:32  Overlord  
  36  3:42  Queen  
  36  3:45  Drone  
  36  3:46  Drone  
  36  3:47  Drone x3  
  36  3:48  Drone  
  44  3:55  Queen  
  46  4:00  Drone  
  47  4:06  Hatchery  
  47  4:07  Extractor  
  45  4:10  Drone x2  
  45  4:11  Drone, Overlord  
  45  4:14  Overlord  
  48  4:22  Lair  
  48  4:28  Roach Warren  
  47  4:31  Evolution Chamber  
  47  4:33  Drone x2  
  47  4:35  Evolution Chamber  
  47  4:45  Drone x4  
  50  4:50  Extractor  
  50  4:54  Drone  
  50  4:55  Drone x2, Extractor  
  50  4:56  Drone  
  50  4:57  Drone  
  50  4:58  Drone x2  
  56  5:06  Zerg Missile Weapons Level 1  
  56  5:07  Zerg Ground Armor Level 1  
  56  5:25  Queen  
  58  5:30  Roach x5  
  58  5:31  Roach  
  58  5:32  Drone x2  
  58  5:33  Drone  
  73  5:36  Glial Reconstitution  
  73  5:38  Drone  
  73  5:42  Overlord  
  74  5:44  Overlord  
  74  5:52  Overlord  
  74  5:53  Overlord  
  74  6:04  Drone  
  74  6:05  Hatchery, Drone x2  
  74  6:06  Drone  
  74  6:07  Drone  
  74  6:08  Drone  
  79  6:13  Zergling x2  
  79  6:15  Drone  
  79  6:16  Drone x3  
  79  6:18  Drone  
  85  6:19  Drone  
  85  6:20  Drone  
  85  6:22  Drone  
  88  6:37  Overlord x3  
  88  6:38  Overlord  
  88  6:39  Roach x2  
  92  6:40  Roach  
  92  6:46  Extractor  
  92  6:47  Roach x3  
  92  6:48  Roach, Extractor  
  92  6:51  Overlord  
  99  6:55  Overlord  
  99  6:57  Overlord  
  99  6:59  Pneumatized Carapace  
  99  7:03  Roach x2  
  99  7:04  Roach x2  
  107  7:14  Roach x5  
  117  7:22  Roach x3  
  123  7:24  Zerg Missile Weapons Level 2  
  123  7:26  Zerg Ground Armor Level 2  
  123  7:37  Infestation Pit  
  123  7:39  Drone x3  
  123  7:40  Drone x3  
  123  7:42  Drone  
  123  7:43  Hydralisk Den  
  128  7:47  Roach x2  
  128  7:48  Roach x3  
  128  7:50  Overseer  
  138  8:04  Roach  
  138  8:05  Roach x4  
  146  8:06  Roach  
  146  8:09  Roach x5  
  146  8:10  Roach  
  160  8:22  Lurker Den  
  159  8:29  Grooved Spines  
  159  8:30  Overlord x3  
  159  8:31  Overlord  
  159  8:35  Hatchery  
  158  8:47  Hive  
  158  8:51  Swarm Host  
  158  8:55  Roach  
  163  8:56  Roach x8  
  179  9:09  Hydralisk  
  179  9:10  Hydralisk x5  
  189  9:25  Roach  
  191  9:40  Muscular Augments  
  191  9:46  Lurker  
  191  9:47  Lurker x3  
  191  9:48  Lurker x2  
  191  9:51  Drone  
  198  10:13  Overlord x3  
  198  10:19  Overseer  
  198  10:21  Extractor  
  197  10:24  Extractor  
  196  10:32  Seismic Spines  
  193  10:41  Adrenal Glands  
  183  11:09  Hydralisk x4  
  183  11:10  Hydralisk x4  
  181  11:38  Roach x2  
  181  11:39  Roach x24  
  186  11:50  Hydralisk  
  186  11:51  Hydralisk x3  
Show
View Real Time Build Order
Export as new Build Order

Nerdsie Zerg 

Build Orders: Hatch First 

Get SALT Encoding   

  12  0:00  Drone  
  13  0:12  Overlord  
  13  0:19  Drone  
  14  0:30  Drone x2  
  16  0:49  Hatchery  
  15  0:54  Drone  
  15  0:57  Drone  
  17  1:00  Drone  
  18  1:16  Spawning Pool  
  17  1:19  Drone  
  17  1:22  Drone  
  19  1:44  Extractor  
  19  1:45  Overlord  
  18  1:59  Drone  
  19  2:11  Zergling x4  
  19  2:13  Drone x3  
  24  2:17  Queen x2  
  28  2:27  Drone x2  
  30  2:32  Drone  
  31  2:40  Drone  
  29  3:01  Drone x4  
  32  3:15  Drone  
  32  3:16  Drone x2  
  32  3:19  Overlord  
  35  3:24  Hatchery, Queen  
  36  3:42  Drone x7  
  36  3:43  Drone  
  44  3:51  Drone, Evolution Chamber, Roach Warren  
  44  3:52  Evolution Chamber  
  42  3:57  Overlord  
  42  4:22  Drone x8  
  50  4:26  Extractor  
  50  4:27  Extractor  
  48  4:36  Queen  
  50  4:38  Zergling x2  
  50  4:39  Zergling x12, Extractor  
  56  4:52  Overlord  
  56  4:53  Overlord  
  56  4:57  Overlord  
  56  5:11  Drone x2  
  56  5:13  Drone  
  56  5:14  Drone x2  
  61  5:15  Roach x6  
  61  5:18  Overlord x2  
  61  5:19  Overlord  
  61  5:21  Overlord  
  73  5:22  Pneumatized Carapace  
  73  5:36  Zerg Missile Weapons Level 1, Zerg Ground Armor Level 1  
  73  5:44  Roach x5  
  73  5:49  Roach  
  87  5:50  Roach  
  87  5:53  Drone x2  
  89  6:14  Drone x9  
  89  6:17  Overlord x2  
  98  6:21  Burrow  
  98  6:23  Overlord  
  98  6:35  Queen  
  100  6:42  Drone x3  
  100  6:47  Drone x5  
  108  6:48  Drone  
  108  6:50  Extractor  
  108  6:53  Hatchery  
  107  6:55  Extractor  
  106  7:07  Drone, Extractor  
  106  7:08  Extractor  
  106  7:10  Spore Crawler  
  106  7:11  Spore Crawler  
  106  7:13  Spore Crawler  
  101  7:17  Lair  
  101  7:25  Roach x2  
  101  7:26  Roach x8  
  120  7:44  Roach  
  120  7:46  Overlord  
  120  7:47  Overlord x4  
  121  8:15  Roach x18  
  121  8:19  Spire  
  156  8:22  Hydralisk Den  
  156  8:23  Zerg Missile Weapons Level 2, Infestation Pit  
  156  8:24  Glial Reconstitution  
  154  8:29  Drone  
  154  8:31  Zerg Ground Armor Level 2  
  155  8:38  Drone  
  155  8:40  Drone x3  
  159  8:45  Drone x6  
  159  8:47  Overlord  
  165  9:20  Roach x6  
  175  9:24  Drone  
  169  9:38  Drone x7, Spine Crawler  
  169  9:39  Drone x2, Spine Crawler  
  169  9:40  Spine Crawler  
  169  9:44  Overlord  
  169  9:45  Overlord x4  
  175  9:55  Hive  
  175  10:08  Hydralisk x8  
  175  10:09  Spine Crawler  
  175  10:10  Spine Crawler  
  175  10:12  Spine Crawler  
  175  10:13  Spine Crawler  
  187  10:27  Overlord  
  187  10:28  Overlord  
  187  10:29  Hydralisk x6  
  199  10:36  Overseer  
  199  10:38  Overseer x2  
  171  11:01  Mutalisk x12  
  187  11:08  Ravager x2  
  187  11:14  Overseer x3  
  187  11:19  Ravager  
  187  11:23  Drone  
  187  11:24  Drone x3  
  187  11:25  Drone x2  
  169  11:34  Mutalisk x2  
  117  11:40  Ravager  
  99  11:47  Zergling x2  
  99  11:48  Zergling x28  
  104  11:57  Drone x4  
Tags
 
Add a new tag
Caveats
  • Supply blocks, unpowered buildings, or Contaminate may cause inaccurate times.
  • Supply counts are checked every 10 seconds.